 Dungeon Crawl Stone Soup version 0.18.1-2-ga659475 (webtiles) character file.

670 HungrySpirit the Cudgeler (level 7, -4/47 HPs)
             Began as a Formicid Ice Elementalist on May 8, 2016.
             Was an Initiate of Okawaru.
             Slain by Menkaure (10 damage)
             ... on level 6 of the Dungeon.
             The game lasted 00:07:45 (5677 turns).

HungrySpirit the Cudgeler (FoIE)                    Turns: 5677, Time: 00:07:46

Health: -4/47      AC:  6    Str: 15    XL:     7   Next: 89%
Magic:  9/10       EV: 11    Int: 14    God:    Okawaru [......]
Gold:   100        SH:  0    Dex: 11    Spells: 1 memorised, 9 levels left

rFire  . . .     SeeInvis +     m - +0 mace (drain)
rCold  . . .     Gourm    .     w - +3 leather armour of Fun {rPois MR++}
rNeg   . . .     Faith    .     (no shield)
rPois  +         Spirit   .     (helmet unavailable)
rElec  .         Dismiss  .     (no cloak)
rCorr  .         Reflect  .     (no gloves)
SustAt .         Harm     .     (no boots)
MR     ++...                    (no amulet)
Stlth  ++........               (no ring)
                                (no ring)

@: very resistant to hostile enchantments, unstealthy
A: permanent stasis, dig shafts and tunnels, four strong arms, antennae 3
a: Dig, Shaft Self, Renounce Religion


You were on level 6 of the Dungeon.
You worshipped Okawaru.
Okawaru was noncommittal.
You were hungry.

You visited 2 branches of the dungeon, and saw 7 of its levels.

You collected 221 gold pieces.
You spent 121 gold pieces at shops.

Inventory:

Hand Weapons
 m - a +0 mace of draining (weapon)
 s - a +0 flail of protection
Armour
 w - the +3 leather armour of Fun (worn) {rPois MR++}
   (You found it on level 6 of the Dungeon)

   It protects you from poison.
   It affects your resistance to hostile enchantments.
Wands
 t - a wand of iceblast (7/15)
Scrolls
 b - a scroll of immolation {unknown}
 d - 2 scrolls of fog {unknown}
 e - a scroll of enchant armour {unknown}
 f - 3 scrolls of random uselessness {unknown}
 g - 2 scrolls of enchant weapon {unknown}
 i - 5 scrolls of identify
 n - a scroll of remove curse
 r - a scroll of teleportation {unknown}
 u - a scroll of fear {unknown}
 x - a scroll of blinking {unknown}
Potions
 a - a potion of cancellation
 h - a potion of haste {unknown}
 k - a potion of resistance
 q - 3 potions of brilliance
 v - a potion of mutation
Comestibles
 c - 4 bread rations
 j - 3 meat rations
 l - 3 beef jerkies
 p - a slice of pizza


   Skills:
 - Level 0.4 Fighting
 * Level 7.9 Maces & Flails
 - Level 1.7 Dodging
 - Level 2.4 Stealth
 - Level 2.1 Spellcasting
   Level 0.8 Conjurations
 - Level 3.0 Ice Magic


You had 9 spell levels left.
You knew the following spells:

 Your Spells              Type           Power        Failure   Level  Hunger
a - Freeze                Ice            #...         10%         1    #......


Dungeon Overview and Level Annotations

Branches:
Dungeon (6/15)             Temple (1/1) D:5

Altars:
Ashenzari
Elyvilon
Fedhas
Gozag
Kikubaaqudgha
Makhleb
Nemelex Xobeh
Okawaru
Pakellas
Qazlal
Ru
Sif Muna
Trog
Vehumet
Xom
Yredelemnul
Zin
The Shining One

Shops:
D:5 [*

Annotations:
D:6 Menkaure


Innate Abilities, Weirdness & Mutations

You are under a permanent stasis effect.
You can dig through walls and to a lower floor.
Your four strong arms can wield two-handed weapons with a shield.
You have a pair of large antennae on your head (SInv).


Message History

Your body is wracked with pain!
You hit Menkaure.
Menkaure is heavily damaged.
Menkaure sighs, "Let me perform the rites..."
Menkaure hits you!!
* * * LOW HITPOINT WARNING * * *
You hit Menkaure.
Menkaure is severely damaged.
Menkaure calls on the powers of darkness!
Your body is wracked with pain!
* * * LOW HITPOINT WARNING * * *
Casting: Freeze
Confirm with . or Enter, or press ? or * to list all spells.
Aiming: Freeze
Press: ? - help, Shift-Dir - straight line, f - Menkaure
Aim: Menkaure (severely damaged, fast)
You freeze Menkaure.
Menkaure resists.
Menkaure is severely damaged.
Menkaure hits you!
You die...

# #.#............#
###'#...........##
####.......#######.#
..##.......# #.#
..##.......# ###.#
..##.......# #...#
..####'##### #.###
.......# #.#
.####..## #@# ..#
#...#### #..M#
#.####.....# #...#
....##.....# #...#
....##....<# #....
....##.##### #....
....##.# #....
#..)##.# #.(...
...##.#


You could see Menkaure.

Vanquished Creatures
  Blork the orc (D:4)
  A howler monkey (D:6)
  3 hounds
  An orc priest (D:4)
  A giant frog skeleton (D:5)
  2 orc wizards (D:6)
  A centaur skeleton (D:4)
  An iguana (D:6)
  4 worker ants
  A hound zombie (D:6)
  3 adders
  5 gnolls
  A worker ant zombie (D:6)
  A shadow imp (D:5)
  An adder skeleton (D:4)
  A worm (D:2)
  2 dart slugs
  6 giant geckos
  13 orcs
  8 giant cockroaches
  4 goblins (D:1)
  4 hobgoblins
  3 jackals
  6 kobolds
  3 quokkas
  5 ball pythons
  3 bats
  3 giant newts
  A quokka skeleton (D:4)
  4 rats
93 creatures vanquished.

Notes
Turn   | Place    | Note
--------------------------------------------------------------
     0 | D:1      | HungrySpirit the Formicid Ice Elementalist began the quest for the Orb.
     0 | D:1      | Reached XP level 1. HP: 13/13 MP: 3/3
   114 | D:1      | Reached skill level 1 in Maces & Flails
   144 | D:1      | Reached XP level 2. HP: 5/20 MP: 3/5
   891 | D:2      | Reached skill level 2 in Maces & Flails
  1200 | D:2      | Reached XP level 3. HP: 24/25 MP: 6/6
  1732 | D:1      | Reached skill level 3 in Maces & Flails
  2169 | D:3      | Reached XP level 4. HP: 31/31 MP: 7/7
  2960 | D:4      | Reached skill level 4 in Maces & Flails
  3023 | D:4      | Reached XP level 5. HP: 32/36 MP: 8/8
  3266 | D:4      | Noticed Blork the orc
  3290 | D:4      | Killed Blork the orc
  3290 | D:4      | Reached skill level 5 in Maces & Flails
  3290 | D:4      | Reached XP level 6. HP: 10/42 MP: 9/9
  3889 | D:4      | Reached skill level 6 in Maces & Flails
  3943 | D:5      | Entered Level 5 of the Dungeon
  3943 | D:5      | Found a deep blue altar of Sif Muna.
  4141 | D:5      | Found Fohoix's Elemental Accessories.
  4147 | D:5      | Bought a wand of iceblast (7/15) for 121 gold pieces
  4191 | D:5      | Found Ycwaar's Antique Armour Emporium.
  4513 | D:5      | Reached XP level 7. HP: 31/47 MP: 10/10
  4806 | D:5      | Found a staircase to the Ecumenical Temple.
  5011 | Temple   | Entered the Ecumenical Temple
  5054 | Temple   | Became a worshipper of Warmaster Okawaru
  5177 | D:6      | Reached skill level 7 in Maces & Flails
  5306 | D:6      | Got a brightly glowing leather armour
  5307 | D:6      | Identified the +3 leather armour of Fun {rPois MR++} (You found it on level 6 of the Dungeon)
  5665 | D:6      | Noticed Menkaure
  5677 | D:6      | Slain by Menkaure

Skill      XL: |  1  2  3  4  5  6  7 |
---------------+----------------------+-----
Maces & Flails | 1 2 3 4 5 6 7 |  7.9
Fighting       | |  0.4
Dodging        | |  1.7
Stealth        | |  2.4
Spellcasting   | |  2.1
Conjurations   | |  0.8
Ice Magic      | |  3.0

Action                   |  1- 3 |  4- 6 |  7- 9 || total
-------------------------+-------+-------+-------++-------
Melee: Whip              |    64 |       |       ||    64
       Mace              |    51 |   216 |   106 ||   373
 Cast: Freeze            |     5 |       |     1 ||     6
 Abil: Dig               |     1 |     3 |     1 ||     5
  Use: Scroll            |     1 |     3 |     2 ||     6
       Potion            |       |     1 |       ||     1
 Stab: Sleeping          |     6 |       |       ||     6
       Distracted        |     1 |       |       ||     1
  Eat: Chunk             |     4 |     8 |     4 ||    16
Armor: Robe              |    22 |       |       ||    22
       Leather armour    |     6 |       |    15 ||    21
       Chain mail        |     4 |   149 |    48 ||   201
Dodge: Dodged            |    92 |    74 |    49 ||   215
